 Dungeon Crawl Stone Soup version 0.19-a0-1286-g42bdecd (webtiles) character file.

252903 Ultraviolent4 the Brawler (level 18, 0/183 HPs)
             Began as a Troll Fighter on Aug 29, 2016.
             Was the Champion of Okawaru.
             Slain by a death ooze (14 damage)
             ... on level 5 of the Pits of Slime on Aug 30, 2016.
             The game lasted 02:56:12 (13776 turns).

Ultraviolent4 the Brawler (Troll Fighter)          Turns: 13776, Time: 02:56:12

Health: 0/183      AC: 19    Str: 38    XL:     18   Next: 98%
Magic:  7/23       EV: 19    Int: 14    God:    Okawaru [******]
Gold:   1187       SH: 30    Dex: 19    Spells: 3 memorised, 18 levels left

rFire  . . .     SeeInvis .       - Unarmed
rCold  . . .     Gourm    +     t - +1 steam dragon armour
rNeg   + . .     Faith    .     u - +4 large shield {AC+3}
rPois  .         Spirit   .     E - +2 hat
rElec  .         Dismiss  .     R - +3 cloak of the Doge {Str+4 Dex+5}
rCorr  +         Reflect  .     (gloves unavailable)
MR     ++++.     Harm     .     (boots unavailable)
Stlth  ++........ Clarity  +    X - amulet of the Four Winds {rN+ MR+++ Clar}
                                Z - ring of the Chupacabra {Str+3 Int+4 Dex+5 Slay+2}
                                s - ring of resist corrosion

@: exhausted, heroism
A: unfitting armour, claws 3, talons 1, blurry vision 1, fast metabolism 3,
gourmand, mutation resistance 1, regeneration 1, shaggy fur 1, strong 1, tough
skin 2
a: Heroism, Finesse, Renounce Religion
}: 2/15 runes: serpentine, barnacled


You were on level 5 of the Pits of Slime.
You worshipped Okawaru.
Okawaru was exalted by your worship.
You were full.

You visited 7 branches of the dungeon, and saw 38 of its levels.
You visited the Abyss 1 time.
You also visited: Bailey.

You collected 2800 gold pieces.
You spent 1613 gold pieces at shops.

Inventory:

Missiles
 i - 13 large rocks (quivered)
 y - 3 throwing nets {!f}
 M - 4 javelins of penetration
Armour
 t - a +1 steam dragon armour (worn)
 u - a +4 large shield of protection (worn)
 E - a +2 hat (worn)
 R - the +3 cloak of the Doge (worn) {Str+4 Dex+5}
   (You found it on level 3 of the Lair of Beasts)

   It affects your strength (+4).
   It affects your dexterity (+5).
 Y - a +1 fire dragon armour
Magical Staves
 b - an uncursed staff of wizardry
 w - an uncursed staff of air
Jewellery
 a - a +4 ring of evasion
 l - an uncursed ring of protection from magic
 o - an uncursed ring of wizardry
 s - a ring of resist corrosion (left claw)
 z - an uncursed ring of poison resistance
 B - the amulet of Iriug {Faith rC++ rN++ Stlth-}
   (You acquired it on level 13 of the Dungeon)

   [amulet of faith]

   It allows you to gain divine favour quickly.
   It greatly protects you from cold.
   It greatly protects you from negative energy.
   It makes you less stealthy.
 J - an uncursed ring of protection from cold
 X - the amulet of the Four Winds (around neck) {rN+ MR+++ Clar}
   (You found it on level 3 of the Elven Halls)

   [amulet of nothing]

   It protects you from negative energy.
   It affects your resistance to hostile enchantments.
   It protects you against confusion.
 Z - the ring of the Chupacabra (right claw) {Str+3 Int+4 Dex+5 Slay+2}
   (You bought it in a shop on level 2 of the Orcish Mines)

   [ring of intelligence]

   It affects your strength (+3).
   It affects your intelligence (+4).
   It affects your dexterity (+5).
   It affects your accuracy and damage with ranged weapons and melee attacks
   (+2).
Wands
 h - a wand of disintegration (9/24)
 r - a wand of disintegration (9/24)
 v - a wand of disintegration (5/24)
 G - a wand of flame (13/48)
 H - a wand of iceblast (6/15)
 I - a wand of lightning (13/15)
 U - a wand of paralysis (17/24)
Scrolls
 e - 13 scrolls of remove curse {@r2}
 n - 2 scrolls of blinking
 x - a scroll of fear
 C - 3 scrolls of amnesia
 S - a scroll of magic mapping
 W - 3 scrolls of recharging
Potions
 c - 3 potions of might
 d - a potion of magic
 f - 3 potions of ambrosia
 g - 3 potions of brilliance
 j - 5 potions of curing {@q1}
 k - 2 potions of resistance
 A - a potion of cure mutation
 D - 6 potions of agility
 N - 3 potions of lignification {!q}
 P - a potion of berserk rage
 T - 3 potions of flight
Books
 F - a book of Enchantments

   Spells                             Type                      Level
   a - Cause Fear                     Hexes                        4
   b - Yara's Violent Unravelling     Hexes/Transmutation          5
   c - Silence                        Hexes/Air                    5
   d - Deflect Missiles               Charms/Air                   6
   e - Haste                          Charms                       6
   f - Discord                        Hexes                        8
 L - a book of the Warp

   Spells                             Type                      Level
   a - Gell's Gravitas                Hexes/Translocation          3
   b - Force Lance                    Conjuration/Translocation    4
   c - Summon Forest                  Summoning/Translocation      5
   d - Dispersal                      Translocation                6
   e - Controlled Blink               Translocation                8
   f - Disjunction                    Translocation                8
Miscellaneous
 K - a fan of gales
Comestibles
 m - 9 beef jerkies
 p - 11 meat rations
 q - 11 bread rations
 O - 2 royal jellies


   Skills:
 * Level 12.5(17.5) Fighting
 - Level 7.0(12.0) Throwing
 * Level 6.3(11.3) Dodging
 - Level 15.0(20.0) Shields
 + Level 17.5(22.5) Unarmed Combat
 - Level 4.1 Spellcasting
 - Level 7.0 Charms
 - Level 3.0 Necromancy
 + Level 6.4 Translocations
 - Level 4.0 Air Magic
 - Level 6.0 Invocations


You had 18 spell levels left.
You knew the following spells:

 Your Spells              Type           Power        Failure   Level  Hunger
b - Blink                 Tloc           N/A          2%          2    ##.....
e - Regeneration          Chrm/Necr      ###.......   10%         3    ###....
r - Repel Missiles        Chrm/Air       ###...       2%          2    ##.....


Dungeon Overview and Level Annotations

Branches:
Dungeon (14/15)              Lair (6/6) D:10         Shoals (4/4) Lair:3
  Snake (4/4) Lair:4        Slime (5/5) Lair:6          Orc (2/2) D:10
    Elf (3/3) Orc:2        Vaults (0/5) D:13
 Temple: D:4-7

Altars:
Ashenzari
Cheibriados
Elyvilon
Gozag
Hepliaklqana
Kikubaaqudgha
Makhleb
Nemelex Xobeh
Okawaru
Qazlal
Ru
Vehumet
Xom
Yredelemnul
Zin
The Shining One
Beogh

Shops:
D:3 *   D:10 *   Orc:2 [(=*   Shoals:4 [

Annotations:
Slime:1 PurpleRed's ghost, adept DECj


Innate Abilities, Weirdness & Mutations

You are too large for most types of armour.
You have claws for hands.
Your metabolism is lightning-fast.
You like to eat raw meat.
Your natural rate of healing is unusually fast.
You are covered in fur. (AC +1)
You have very tough skin. (AC +2)
You have sharp toenails.
Scrolls take you a little longer to read.
You are somewhat resistant to further mutation.
Your muscles are strong. (Str +2)


Message History

You claw the azure jelly, but do no damage.
You mangle the azure jelly!!
You claw the azure jelly, but do no damage.
You eviscerate the azure jelly!!!
You kill the azure jelly!
That felt strangely unrewarding.
You are no longer berserk.
You are exhausted.
You feel yourself slow down.
Your magical effects are unravelling.
Your magical contamination has completely faded away.
You feel magically purged.
You feel yourself speed up.
You feel yourself slow down.
You feel a little less mighty now.
You feel a little less agile now.
You are no longer corroded.
You block the death ooze's attack. x2
Okay, then.
You feel better. The death ooze hits you!
You die...

..........###%)!##..# ...
..........##?)/)(##.#%|}
..........##(?:(##..##$|
..........###(!#|#.##|#%
..........########..####
............#G.J#....#..
.........##JJG#JJG.....#
.........####J####..####
..........###(J#@#.##=#%
..........##(%"J##..##(|
.........###$)φ))##.#/:?
.........###[:[##..##[)
.....###([?#.##}$$
.....G###(##..##%#
.......######.####.........
.......#..#.....#.........
............... ..§......


You could see 4 acid blobs, a great orb of eyes, 2 slime creatures, a shining
eye, 2 death oozes and 2 eyes of draining.

Vanquished Creatures
  the Royal Jelly (Slime:5)
  Mara (Snake:4)
  Vashnia (Snake:4)
  A bone dragon (Abyss:2)
  2 deep elf blademasters (Elf:3)
  15 acid blobs
  Donald (Snake:4)
  Kirke (Elf:1)
  6 azure jellies
  Ilsuiw (Shoals:4)
  Aizul (Snake:3)
  7 deep elf sorcerers (Elf:3)
  6 greater nagas (Snake:4)
  An orc warlord (Orc:2)
  4 deep elf elementalists (Elf:3)
  The ghost of Guenter the Spry, a journeyman KoGl of Okawaru (Lair:6)
  A stone giant (Orc:1)
  A deep elf demonologist (Elf:3)
  5 deep elf annihilators (Elf:3)
  5 deep elf death magi
  A blizzard demon (Abyss:2)
  3 merfolk javelineers (Shoals:4)
  A death ooze (Slime:5)
  5 merfolk impalers
  A great orb of eyes (Slime:2)
  4 deep elf high priests (Elf:3)
  An ice dragon (Lair:6)
  10 naga warriors
  4 hydras
  3 merfolk avatars
  An anaconda (Snake:1)
  A centaur warrior (D:14)
  Erica (D:8)
  11 dancing weapons
  The ghost of Ultraviolent4 the Grappler, a novice TrFi of Cheibriados (Orc:2)
  A death yak (D:10)
  A merfolk aquamancer (Shoals:2)
  3 satyrs (Shoals:4)
  2 orc high priests (Orc:2)
  A shock serpent (Snake:3)
  24 naga sharpshooters
  3 deep elf knights
  4 salamander mystics
  2 wretched stars (Abyss:2)
  Urug (D:10)
  5 sea snakes
  A sixfirhy (Abyss:2)
  A giant orange brain (Slime:4)
  An unseen horror (D:10)
  A hill giant (D:11)
  4 naga ritualists (Snake:4)
  A lindwurm (Lair:6)
  6 orc knights
  4 deep elf archers
  7 harpies
  2 mana vipers
  27 deep elf magi
  3 oklob plants
  6 griffons
  5 shining eyes
  A hornet (Lair:6)
  4 orc sorcerers (Orc:2)
  9 salamanders
  5 manticores
  4 ugly things
  A wolf spider (Lair:6)
  A worldbinder (Abyss:2)
  5 fauns (Shoals:4)
  3 centaur zombies
  7 water nymphs
  6 sirens
  A guardian serpent (Lair:6)
  5 elephants (Lair:5)
  16 black mambas
  17 naga magi (Snake:4)
  6 torpor snails (Lair:6)
  2 eyes of devastation (Slime:4)
  2 smoke demons (Abyss:2)
  14 spiny frogs
  9 komodo dragons
  A hellion (Abyss:2)
  A rime drake (Lair:6)
  A freezing wraith (D:14)
  An ancient zyme (Abyss:2)
  7 merfolk
  10 trolls
  4 giant leeches (Lair:6)
  4 wind drakes
  9 blink frogs
  51 slime creatures
  4 dream sheep (Lair:6)
  3 snapping turtles
  2 starcursed masses (Abyss:2)
  Sigmund (D:4)
  A shadow (D:14)
  2 air elementals
  3 fire elementals
  12 yaks
  8 wyverns
  5 water elementals
  2 hogs (Elf:1)
  Grum (D:10)
  4 hippogriffs
  A fire bat (Abyss:2)
  3 golden eyes
  A chaos spawn (Abyss:2)
  3 hungry ghosts
  A neqoxec (Abyss:2)
  2 basilisks (Lair:4)
  6 wargs
  24 nagas
  A soldier ant (D:14)
  11 water moccasins
  A large abomination (Abyss:2)
  3 ice beasts
  9 wasps
  3 black bears
  32 orc warriors
  5 sky beasts
  5 phantoms
  6 eyes of draining
  2 wolves (D:10)
  15 centaurs
  8 ogres
  2 big kobolds
  11 crocodiles
  Blork the orc (D:4)
  10 giant frogs
  2 gnoll sergeants (D:10)
  8 scorpions
  A water moccasin skeleton (D:9)
  3 wights (D:11)
  8 killer bees
  2 howler monkeys
  3 crimson imps
  6 hounds
  2 jellies
  3 giant frog skeletons
  15 orc priests
  5 centaur skeletons
  21 orc wizards
  8 iguanas
  7 worker ants
  A hound zombie (D:4)
  A hound skeleton (D:11)
  A worker ant zombie (D:10)
  12 gnolls
  11 adders
  A howler monkey skeleton (D:10)
  18 river rats
  3 shadow imps
  A white imp (Abyss:2)
  An adder zombie (D:9)
  An adder skeleton (D:4)
  A dart slug (D:3)
  A giant gecko (D:8)
  78 orcs
  3 giant cockroaches
  7 goblins
  A hobgoblin (D:2)
  12 jackals
  A quokka (D:7)
  2 bats
  A giant gecko skeleton (D:8)
  A giant gecko zombie (D:4)
  A giant newt (D:4)
  A jackal zombie (D:4)
  8 kobolds
  2 quokka zombies
  4 rats
  7 plants
923 creatures vanquished.

Vanquished Creatures (collateral kills)
  3 orc warriors (Bailey)
  4 orcs (Bailey)
7 creatures vanquished.

Vanquished Creatures (others)
  A lorocyproca (Abyss:2)
  A deep elf knight (Elf:1)
  A troll (D:9)
  A fire elemental (Elf:1)
  A hog (Elf:1)
  3 humans (Elf:1)
  An orc warrior (Bailey)
  An eye of draining (D:13)
  A small abomination (Abyss:2)
  A jelly (D:9)
  A worker ant (D:9)
  A hound skeleton (D:9)
  A gnoll (D:9)
  An adder (D:9)
  17 fungi
  29 plants
62 creatures vanquished.

Grand Total: 992 creatures vanquished

Notes
Turn   | Place    | Note
-------+----------+-------------------------------------------
     0 | D:1      | Ultraviolent4 the Troll Fighter began the quest for the Orb.
     0 | D:1      | Reached XP level 1. HP: 22/22 MP: 0/0
   242 | D:2      | Reached XP level 2. HP: 25/29 MP: 1/1
   310 | D:2      | Reached skill level 1 in Throwing
   353 | D:2      | You fall through a shaft for 2 floors!
   412 | D:4      | Noticed Blork the orc
   432 | D:4      | Killed Blork the orc
   432 | D:4      | Reached skill level 3 in Unarmed Combat
   432 | D:4      | Reached XP level 3. HP: 11/36 MP: 2/2
   432 | D:4      | Reached XP level 4. HP: 14/44 MP: 3/3
   505 | D:4      | Noticed Sigmund
   542 | D:3      | Reached skill level 4 in Unarmed Combat
   542 | D:3      | Reached XP level 5. HP: 31/50 MP: 4/4
   558 | D:3      | Found Zin's Purification Station.
   558 | D:3      | Found a glowing silver altar of Zin.
   737 | D:4      | Reached XP level 6. HP: 51/59 MP: 5/5
   756 | D:4      | Killed Sigmund
   756 | D:4      | Reached skill level 5 in Unarmed Combat
   854 | D:4      | Reached XP level 7. HP: 53/66 MP: 6/6
   946 | D:4      | Learned a level 2 spell: Repel Missiles
   949 | D:4      | Learned a level 2 spell: Blink
   965 | D:5      | Entered Level 5 of the Dungeon
  1014 | D:6      | Found an iron altar of Okawaru.
  1018 | D:6      | Became a worshipper of Warmaster Okawaru
  1045 | D:6      | Reached skill level 6 in Unarmed Combat
  1232 | D:7      | Reached skill level 1 in Charms
  1232 | D:7      | Reached skill level 1 in Air Magic
  1263 | D:8      | Noticed a troll
  1272 | D:8      | Killed a troll
  1272 | D:8      | Reached * piety under Okawaru
  1272 | D:8      | Reached XP level 8. HP: 24/74 MP: 6/8
  1367 | D:8      | Found an opulent altar of Gozag.
  1368 | D:8      | Found a white marble altar of Elyvilon.
  1369 | D:8      | Found a basalt altar of Yredelemnul.
  1369 | D:8      | Found a hazy altar of Hepliaklqana.
  1369 | D:8      | Found a stormy altar of Qazlal.
  1482 | D:8      | Reached skill level 1 in Spellcasting
  1523 | D:8      | Found a flagged portal.
  1537 | Bailey   | Entered a bailey
  1602 | Bailey   | Noticed an orc knight
  1685 | Bailey   | Noticed an orc knight
  1706 | Bailey   | Reached ** piety under Okawaru
  1755 | Bailey   | Killed an orc knight
  1755 | Bailey   | Reached skill level 7 in Unarmed Combat
  1755 | Bailey   | Reached XP level 9. HP: 35/80 MP: 6/10
  1964 | D:8      | Found an ancient bone altar of Kikubaaqudgha.
  2092 | D:7      | Reached skill level 5 in Shields
  2204 | D:7      | Reached *** piety under Okawaru
  2221 | D:7      | Reached skill level 8 in Unarmed Combat
  2309 | D:8      | Noticed Erica
  2316 | D:8      | Killed Erica
  2316 | D:8      | Reached **** piety under Okawaru
  2316 | D:8      | Reached skill level 5 in Throwing
  2339 | D:8      | Found a snail-covered altar of Cheibriados.
  2341 | D:8      | Found a glowing golden altar of the Shining One.
  2352 | D:8      | Received a gift from Okawaru
  2361 | D:8      | Found a radiant altar of Vehumet.
  2479 | D:9      | Killed a troll
  2481 | D:9      | Reached skill level 9 in Unarmed Combat
  2481 | D:9      | Reached XP level 10. HP: 88/88 MP: 11/11
  2526 | D:9      | Found a burning altar of Makhleb.
  2551 | D:10     | Entered Level 10 of the Dungeon
  2562 | D:10     | Killed an unseen horror
  2562 | D:10     | Received a gift from Okawaru
  2640 | D:11     | You fall through a shaft for 3 floors!
  2726 | D:14     | Reached ***** piety under Okawaru
  2745 | D:14     | Reached skill level 10 in Unarmed Combat
  2747 | D:14     | Noticed a centaur warrior
  2761 | D:14     | Killed a centaur warrior
  2784 | D:14     | Received a gift from Okawaru
  2816 | D:13     | Noticed a griffon
  2822 | D:13     | Found a gate to the Vaults.
  2832 | D:13     | Killed a griffon
  2832 | D:13     | Reached XP level 11. HP: 62/94 MP: 9/12
  2861 | D:13     | Identified a scroll of acquirement
  2862 | D:13     | Got a vibrating jade amulet
  2863 | D:13     | Identified the amulet of Iriug {Faith rC++ rN++ Stlth-} (You acquired it on level 13 of the Dungeon)
  2902 | D:13     | Reached skill level 1 in Invocations
  2991 | D:13     | Noticed a deep elf mage
  3034 | D:13     | Killed a deep elf mage
  3170 | D:12     | Noticed a brown ugly thing
  3179 | D:12     | Killed a brown ugly thing
  3414 | D:10     | Reached skill level 11 in Unarmed Combat
  3421 | D:10     | Gained mutation: You have sharp toenails. [mutagenic meat]
  3424 | D:10     | Gained mutation: Your muscles are strong. (Str +2) [mutagenic meat]
  3493 | D:10     | Found Duda Hekk's General Store.
  3496 | D:10     | Noticed Urug
  3511 | D:10     | Killed Urug
  3533 | D:10     | Bought a scroll of recharging for 104 gold pieces
  3533 | D:10     | Bought a scroll of identify for 22 gold pieces
  3575 | D:9      | Received a gift from Okawaru
  3688 | D:8      | Learned a level 3 spell: Regeneration
  3743 | D:10     | Noticed a purple ugly thing
  3752 | D:10     | Killed a purple ugly thing
  3752 | D:10     | Received a gift from Okawaru
  3769 | D:10     | Noticed Grum
  3791 | D:10     | Killed Grum
  3853 | D:9      | Reached ****** piety under Okawaru
  3873 | D:9      | Gained mutation: You are somewhat resistant to further mutation. [mutagenic meat]
  3898 | D:9      | Found a shimmering altar of Xom.
  4000 | D:9      | Got a dull robe
  4011 | D:9      | Found a shattered altar of Ashenzari.
  4267 | D:10     | Noticed a death yak
  4286 | D:10     | Killed a death yak
  4286 | D:10     | Received a gift from Okawaru
  4301 | D:10     | Reached skill level 5 in Invocations
  4375 | D:10     | Found a staircase to the Lair.
  4402 | Lair:1   | Entered Level 1 of the Lair of Beasts
  4428 | Lair:1   | Received a gift from Okawaru
  4491 | Lair:2   | Reached XP level 12. HP: 96/104 MP: 14/14
  4530 | Lair:3   | Found a staircase to the Shoals.
  4567 | Lair:3   | Got a heavily runed cloak
  4578 | Lair:3   | Identified the +3 cloak of the Doge {Str+4 Dex+5} (You found it on level 3 of the Lair of Beasts)
  4578 | Lair:3   | DOGE
  4587 | Lair:3   | Found a shimmering altar of Xom.
  4741 | Lair:3   | Noticed an eight-headed hydra
  4746 | Lair:3   | Killed an eight-headed hydra
  4746 | Lair:3   | Reached skill level 12 in Unarmed Combat
  4804 | Lair:4   | Noticed a four-headed hydra
  4808 | Lair:4   | Killed a four-headed hydra
  4895 | Lair:4   | Noticed a four-headed hydra
  4902 | Lair:4   | Killed a four-headed hydra
  4936 | Lair:5   | Reached skill level 10 in Shields
  4949 | Lair:6   | Entered Level 6 of the Lair of Beasts
  4969 | Lair:6   | Noticed Guenter's ghost (journeyman KoGl)
  5068 | Lair:6   | Killed Guenter's ghost
  5100 | Lair:6   | Received a gift from Okawaru
  5214 | Lair:6   | Found a staircase to the Slime Pits.
  5249 | Lair:5   | Reached skill level 13 in Unarmed Combat
  5263 | Lair:4   | Received a gift from Okawaru
  5264 | Lair:4   | Got a dazzling large shield {god gift}
  5275 | Lair:4   | Identified the +0 large shield of the Komtur {-Tele Dex+5} (Okawaru gifted it to you on level 4 of the Lair of Beasts)
  5406 | Lair:6   | Reached XP level 13. HP: 110/110 MP: 13/16
  5494 | Lair:6   | Received a gift from Okawaru
  5614 | Lair:6   | Reached skill level 14 in Unarmed Combat
  5756 | Lair:6   | Found a runed door.
  5789 | Lair:6   | Received a gift from Okawaru
  6228 | Lair:4   | Found a sacrificial altar of Ru.
  6371 | Lair:4   | Found a staircase to the Snake Pit.
  6586 | D:12     | Received a gift from Okawaru
  6806 | D:12     | Reached XP level 14. HP: 118/123 MP: 15/17
  7505 | D:10     | Found a staircase to the Orcish Mines.
  7582 | Orc:1    | Entered Level 1 of the Orcish Mines
  7651 | Orc:1    | Noticed a stone giant
  7664 | Orc:1    | Killed a stone giant
  7740 | Orc:1    | Found a runed door.
  7803 | Orc:1    | Found a roughly hewn altar of Beogh.
  7890 | Orc:2    | Entered Level 2 of the Orcish Mines
  7890 | Orc:2    | Found a staircase to the Elven Halls.
  7890 | Orc:2    | Found Xiefamae's Jewellery Shoppe.
  7987 | Orc:2    | Reached skill level 5 in Fighting
  8074 | Orc:2    | Found Siogg's Antique Weapon Shop.
  8074 | Orc:2    | Noticed Ultraviolent4's ghost (novice TrFi)
  8088 | Orc:2    | Killed Ultraviolent4's ghost
  8088 | Orc:2    | Received a gift from Okawaru
  8123 | Orc:2    | Found Kuquurgha's Antique Armour Shop.
  8191 | Orc:2    | Found Dogufeul's General Store.
  8242 | Orc:2    | Bought 2 potions of might for 112 gold pieces
  8242 | Orc:2    | Bought a potion of agility for 56 gold pieces
  8242 | Orc:2    | Bought a potion of agility for 56 gold pieces
  8285 | Orc:2    | Reached skill level 15 in Unarmed Combat
  8340 | Orc:2    | Bought the ring of the Chupacabra {Str+3 Int+4 Dex+5 Slay+2} for 888 gold pieces
  8340 | Orc:2    | Bought an uncursed ring of protection from magic for 375 gold pieces
  8372 | Orc:2    | Noticed an orc warlord
  8382 | Orc:2    | Killed an orc warlord
  8523 | Elf:1    | Entered Level 1 of the Elven Halls
  8676 | Elf:1    | Noticed Kirke
  8687 | Elf:1    | Received a gift from Okawaru
  8692 | Elf:1    | Noticed a sphinx
  8694 | Elf:1    | Killed Kirke
  8737 | Elf:1    | Received a gift from Okawaru
  8745 | Elf:1    | Identified the +3 robe "Moheirih" {+Fly Str+3 Stlth+} (You found it on level 9 of the Dungeon)
  8786 | Elf:2    | Reached skill level 1 in Necromancy
  8791 | Elf:2    | Received a gift from Okawaru
  8837 | Elf:3    | Entered Level 3 of the Elven Halls
  8844 | Elf:3    | Reached XP level 15. HP: 122/136 MP: 18/18
  8906 | Elf:3    | Received a gift from Okawaru
  8972 | Elf:2    | Received a gift from Okawaru
  8997 | Elf:3    | Noticed a deep elf sorcerer
  8997 | Elf:3    | Noticed a deep elf sorcerer
  9082 | Elf:3    | Received a gift from Okawaru
  9083 | Elf:3    | Killed a deep elf sorcerer
  9097 | Elf:3    | Killed a deep elf sorcerer
  9202 | Elf:3    | Noticed a deep elf sorcerer
  9213 | Elf:3    | Killed a deep elf sorcerer
  9344 | Elf:3    | Noticed a deep elf sorcerer
  9344 | Elf:3    | Killed a deep elf sorcerer
  9429 | Elf:3    | Received a gift from Okawaru
  9465 | Elf:3    | Reached skill level 5 in Charms
  9552 | Elf:3    | Noticed a deep elf sorcerer
  9566 | Elf:3    | Killed a deep elf sorcerer
  9573 | Elf:3    | Noticed a deep elf blademaster
  9592 | Elf:3    | Killed a deep elf blademaster
  9633 | Elf:3    | Got a bloodstained robe
  9634 | Elf:3    | Identified the +1 robe "Pevirasi" {+Inv +Fly MR++ Int-3} (You took it off a deep elf death mage on level 3 of the Elven Halls)
  9669 | Elf:3    | Noticed a deep elf blademaster
  9669 | Elf:3    | Noticed a deep elf sorcerer
  9675 | Elf:3    | Cast into level 2 of the Abyss (a deep elf sorcerer)
  9793 | Abyss:2  | Received a gift from Okawaru
  9858 | Abyss:2  | Reached XP level 16. HP: 105/149 MP: 2/19
  9928 | Abyss:2  | Noticed a bone dragon
  9952 | Abyss:2  | Killed a bone dragon
  9952 | Abyss:2  | Received a gift from Okawaru
  9978 | Elf:3    | Escaped the Abyss
  9990 | Elf:3    | Killed a deep elf blademaster
 10066 | Elf:3    | nnoooo
 10078 | Elf:3    | Identified the Grimoire of Glacial Shape Shifting
 10450 | Snake:1  | Entered Level 1 of the Snake Pit
 10564 | Snake:3  | Noticed Aizul
 10583 | Snake:3  | Killed Aizul
 10620 | Snake:3  | Received a gift from Okawaru
 10677 | Snake:3  | Found a sparkling altar of Nemelex Xobeh.
 10700 | Snake:4  | Entered Level 4 of the Snake Pit
 10735 | Snake:4  | Upgraded the game from 0.19-a0-1268-g6c5d9f8 to 0.19-a0-1281-g457beeb
 10927 | Snake:4  | if i get teleported into the rune vault im going to cry LUL
 10927 | Snake:4  | but traps are fun xD
 10973 | Snake:4  | Reached skill level 16 in Unarmed Combat
 11005 | Snake:4  | Reached skill level 15 in Shields
 11084 | Snake:4  | Noticed Mara
 11093 | Snake:4  | Received a gift from Okawaru
 11139 | Snake:4  | Killed Mara
 11139 | Snake:4  | Reached skill level 1 in Translocations
 11177 | Snake:4  | Noticed Donald
 11204 | Snake:4  | Killed Donald
 11238 | Snake:4  | donald had a crystal plate armour lol
 11255 | Snake:4  | Received a gift from Okawaru
 11305 | Snake:4  | Noticed Vashnia
 11320 | Snake:4  | Killed Vashnia
 11320 | Snake:4  | Reached XP level 17. HP: 156/161 MP: 15/21
 11326 | Snake:4  | Received a gift from Okawaru
 11468 | Snake:4  | Received a gift from Okawaru
 11527 | Snake:4  | Upgraded the game from 0.19-a0-1281-g457beeb to 0.19-a0-1286-g42bdecd
 11690 | Snake:4  | Reached skill level 10 in Fighting
 11735 | Snake:4  | Got a serpentine rune of Zot
 11747 | Snake:4  | Received a gift from Okawaru
 11930 | Shoals:1 | Entered Level 1 of the Shoals
 12192 | Shoals:2 | Received a gift from Okawaru
 12282 | Shoals:4 | Entered Level 4 of the Shoals
 12501 | Shoals:4 | Noticed Ilsuiw
 12536 | Shoals:4 | Killed Ilsuiw
 12729 | Shoals:4 | Found Umoff's Antique Armour Shoppe.
 12742 | Shoals:4 | Reached skill level 5 in Translocations
 12764 | Shoals:4 | Got a barnacled rune of Zot
 12798 | Shoals:4 | Reached XP level 18. HP: 177/179 MP: 18/23
 12818 | Shoals:4 | Reached skill level 17 in Unarmed Combat
 12926 | Shoals:1 | Received a gift from Okawaru
 13024 | Slime:1  | Entered Level 1 of the Pits of Slime
 13074 | Slime:1  | Noticed PurpleRed's ghost (adept DECj)
 13416 | Slime:3  | Received a gift from Okawaru
 13487 | Slime:5  | Entered Level 5 of the Pits of Slime
 13492 | Slime:5  | Received a gift from Okawaru
 13513 | Slime:5  | Gained mutation: Scrolls take you a little longer to read. [a shining eye]
 13517 | Slime:5  | Reached skill level 5 in Dodging
 13554 | Slime:5  | Noticed the Royal Jelly
 13743 | Slime:5  | Killed the Royal Jelly
 13769 | Slime:5  | HP: 11/274 [acid blob/splash of acid (4)]
 13769 | Slime:5  | HP: 5/274 [acid (6)]
 13776 | Slime:5  | Slain by a death ooze

Vault maps used:
D:1:      eino_arrival_cavern_b
D:2:      makhleb_blood_cavern_becter
D:3:      zin_purify
D:4:      first_bread, serial_undead, serial_undead_b, serial_undead_e,
          serial_undead_a, serial_undead_c, uniq_sigmund, uniq_blork_the_orc
D:6:      basic_altar, uniq_crazy_yiuf_cottage
D:7:      grunt_ogre_cave
D:8:      grunt_temple_overflow_open, basic_altar, enter_bailey_3, uniq_erica
D:9:      lemuel_crystal_altar, lemuel_doored_altar, xom_confusion_cloud
D:10:     dpeg_lair_monsters, kennysheep_orc_monster_closet_entryway,
          serial_shops, nicolae_shop_window_shopping, statue_in_the_mist_lemuel,
          uniq_urug, uniq_grum
D:13:     kennysheep_six_static_rooms
D:14:     kennysheep_pointless_box, serial_shops, shop_statue, uniq_nessos,
          uniq_frances
Lair:1:   serial_bayou_pond_e, serial_bayou_crossing
Lair:2:   lemuel_fruit_fields
Lair:3:   minmay_shoals_entry_centaurs, basic_altar, st_stairs_7, uniq_gastronok
Lair:4:   guppyfry_snake_entry_island, lemuel_centaur_altar
Lair:5:   mu_elephants_graveyard, hibernation_bobbens
Lair:6:   wormcave, hangedman_lair_tendril_chambers, slime_dummy
Shoals:2: nicolae_alphabet_shops, lightli_airlock, uniq_polyphemus
Shoals:3: nicolae_shoals_undead_eyrie
Shoals:4: shoals_end_grunt_garden, shoals_ilsuiw_alternative, serial_shops,
          nicolae_shop_trees, nicolae_shoals_this_corrosion
Snake:2:  serial_shops, shop
Snake:3:  basic_altar, uniq_aizul
Snake:4:  snake_pit, uniq_donald, uniq_vashnia, uniq_mara
Slime:2:  nicolae_slime_jelly_donut
Orc:1:    lightli_church_of_beogh
Orc:2:    grunt_orc_gardens, grunt_orc_garden, grunt_orc_garden,
          grunt_orc_garden, grunt_orc_garden
Elf:1:    portal_desolation_entry_twin_temple, uniq_azrael, uniq_kirke
Elf:2:    serial_sigils_hangedman_gnaw, minivault_26, spider_trap
Elf:3:    minmay_elf_hall_curves, serial_shops, shop_coins,
          minmay_misc_feat_pillars, spider_trap
Abyss:2:  lemuel_flamethrower_3
Bailey:   bailey_polearm_1, bailey

Skill      XL: |  1  2  3  4  5  6  7  8  9 10 11 12 13 14 15 16 17 18 |
---------------+-------------------------------------------------------+-----
Throwing       | 1 2 3 4 5 6 7 |  7.0
Shields        | 3 4 6 8 9 11 12 13 14 15 | 15.0
Unarmed Combat | 3 4 5 6 7 9 10 11 13 14 15 16 17 | 17.5
Charms         | 1 2 3 5 7 |  7.0
Air Magic      | 1 2 3 4 |  4.0
Spellcasting   | 1 2 3 4 |  4.1
Invocations    | 5 6 |  6.0
Fighting       | 4 6 7 8 11 12 | 12.5
Necromancy     | 1 3 |  3.0
Translocations | 2 5 6 |  6.4
Dodging        | 6 |  6.3

Action                   |  1- 3 |  4- 6 |  7- 9 | 10-12 | 13-15 | 16-18 || total
-------------------------+-------+-------+-------+-------+-------+-------++-------
Melee: Unarmed           |    52 |   104 |   249 |   788 |  1074 |  1121 ||  3388
       Kick              |       |       |       |   122 |   418 |   576 ||  1116
Throw: Large rock        |       |       |     2 |    13 |    72 |    45 ||   132
       Javelin           |       |       |       |       |     5 |     5 ||    10
       Throwing net      |       |       |       |       |       |     1 ||     1
 Cast: Repel Missiles    |       |       |       |       |     1 |     3 ||     4
       Regeneration      |       |       |       |       |    14 |    82 ||    96
Invok: Heroism           |       |       |     3 |    20 |    41 |    24 ||    88
       Finesse           |       |       |       |     2 |     7 |     3 ||    12
Evoke: Wand              |       |       |     5 |     7 |    18 |     5 ||    35
  Use: Scroll            |     5 |     2 |     2 |    10 |    10 |     9 ||    38
       Potion            |       |       |     2 |     1 |     3 |    14 ||    20
 Stab: Sleeping          |       |       |       |     1 |       |     1 ||     2
       Held in net/web   |       |       |       |       |       |     2 ||     2
  Eat: Chunk             |     5 |     7 |    20 |    35 |    39 |    31 ||   137
       Fruit             |       |       |       |       |     2 |     2 ||     4
       Meat ration       |       |       |       |       |       |     2 ||     2
       Bread ration      |       |       |       |       |       |     2 ||     2
Armor: Robe              |    26 |    40 |     3 |       |       |       ||    69
       Swamp dragon hide |       |       |    21 |       |       |    11 ||    32
       Steam dragon armo |       |       |    28 |   133 |   100 |    99 ||   360
       Fire dragon armou |       |       |       |       |       |     9 ||     9
Dodge: Dodged            |    24 |    38 |    66 |   179 |   207 |   150 ||   664
       Deflected         |       |       |       |       |     2 |    28 ||    30
Block: Shield            |    29 |    44 |    79 |       |       |     2 ||   154
       Large shield      |       |       |    84 |   594 |   895 |   973 ||  2546
